 Dungeon Crawl Stone Soup version 0.18.1-8-gdd0e5ea (webtiles) character file.

240 Television the Ruffian (level 5, -2/43 HPs)
             Began as a Mummy Monk on June 9, 2016.
             Slain by a jackal (3 damage)
             ... on level 6 of the Dungeon.
             The game lasted 00:08:54 (5419 turns).

Television the Ruffian (Mummy Monk)                 Turns: 5419, Time: 00:08:55

Health: -2/43      AC:  0    Str: 15    XL:     5   Next: 79%
Magic:  14/14      EV: 13    Int: 10    God:
Gold:   259        SH:  0    Dex: 14    Spells: 0 memorised, 4 levels left

rFire  x . .     SeeInvis .       - Unarmed
rCold  + . .     Gourm    .     (no armour)
rNeg   + + +     Faith    .     (no shield)
rPois  ∞         Spirit   .     (no helmet)
rElec  .         Dismiss  .     (no cloak)
rCorr  .         Reflect  .     (no gloves)
SustAt .         Harm     .     (no boots)
MR     .....                    (no amulet)
Stlth  ++........               (no ring)
                                h - ring of magical power

@: about to teleport, not resistant to hostile enchantments, unstealthy
A: no food or potions, fire vulnerability, cold resistance 1, negative energy
resistance 3, torment resistance, unbreathing
a: no special abilities


You were on level 6 of the Dungeon.
You were not hungry.

You visited 1 branch of the dungeon, and saw 5 of its levels.

You collected 259 gold pieces.

Inventory:

Jewellery
 h - a ring of magical power (left hand)
Scrolls
 a - a scroll of fog {unknown}
 b - 2 scrolls of teleportation
 c - 2 scrolls of identify
 d - a scroll of enchant armour {unknown}
 e - a scroll of amnesia {unknown}
 f - a scroll of random uselessness {unknown}
 g - a scroll of blinking


   Skills:
 + Level 4.4 Fighting
 - Level 2.4 Dodging
 - Level 1.5 Stealth
 * Level 5.2 Unarmed Combat


You had 4 spell levels left.
You didn't know any spells.

Dungeon Overview and Level Annotations

Branches:
Dungeon (4/15)
 Temple: D:4-7

Altars:
Qazlal

Annotations:
D:6 Eustachio


Innate Abilities, Weirdness & Mutations

You do not eat or drink.
Your flesh is vulnerable to fire.
You are immune to poison.
Your flesh is cold resistant.
You are immune to negative energy.
You are immune to unholy pain and torment.
You can survive without breathing.


Message History

The jackal misses you. The orc barely misses you.
Read which item? (? for menu, Esc to quit)
As you read the scroll labeled XUMIESS TAHA, it crumbles to dust.
You feel strangely unstable.
It was a scroll of teleportation.
The jackal bites you.
* * * LOW HITPOINT WARNING * * *
The orc misses you.
The wight hits you with an enchanted spear!
* * * LOW HITPOINT WARNING * * *
The orc closely misses you.
Read which item? (? for menu, Esc to quit)
As you read the scroll labeled OJIDAE YRYI, it crumbles to dust.
It is a scroll of identify.
Identify which item? (\ to view known items) (? for menu, Esc to quit)
g - a scroll of blinking The shadow imp shouts, "Surrender, thou reeling-ripe smouldering jarkman!"
The jackal bites you.
* * * LOW HITPOINT WARNING * * *
The wight barely misses you. The orc barely misses you. The jackal bites you.
You die...

#.....# ......# #.....#
#......# #.....# ........
#.....# ###......(.
######.....####......5...
.....+..................
....##......####o#h.#.#
###..######.##.ohoh.#
##.## #.##.#@#### #..#
#.##.#z# ##.## #.## #.#
#..# #.# ..# #..# #.# #.#
#..# ... #§.# #.# #..#
#.# #....#


You could see a wight, a shadow imp, 3 orcs and 3 jackals.

Vanquished Creatures
  An orc priest (D:4)
  Jessica (D:2)
  An orc wizard (D:3)
  Natasha (twice) (D:2)
  3 adders (D:3)
  A shadow imp (D:6)
  2 oozes
  A dart slug (D:3)
  A giant gecko (D:3)
  3 orcs
  A ball python (D:3)
  8 bats
  5 giant cockroaches
  8 goblins
  9 hobgoblins
  9 kobolds
  2 quokkas
  2 giant newts
  6 rats
66 creatures vanquished.

Notes
Turn   | Place    | Note
--------------------------------------------------------------
     0 | D:1      | Television the Mummy Monk began the quest for the Orb.
     0 | D:1      | Reached XP level 1. HP: 18/18 MP: 1/1
   535 | D:1      | Reached XP level 2. HP: 20/24 MP: 2/2
  1513 | D:2      | Noticed Jessica
  1681 | D:2      | Noticed Natasha
  1816 | D:2      | Reached XP level 3. HP: 18/29 MP: 3/3
  2028 | D:1      | Reached skill level 4 in Unarmed Combat
  2253 | D:2      | Killed Jessica
  2500 | D:2      | Killed Natasha
  2500 | D:2      | Reached XP level 4. HP: 4/37 MP: 4/4
  3822 | D:2      | Noticed Natasha
  3837 | D:2      | Killed Natasha
  3838 | D:2      | Reached XP level 5. HP: 15/42 MP: 5/5
  4205 | D:3      | Found a stormy altar of Qazlal.
  5044 | D:3      | Reached skill level 5 in Unarmed Combat
  5360 | D:4      | You fall through a shaft for 2 floors!
  5389 | D:6      | Noticed Eustachio
  5418 | D:6      | HP: 2/43 [wight/enchanted spear (7)]
  5419 | D:6      | Slain by a jackal

Skill      XL: |  1  2  3  4  5 |
---------------+----------------+-----
Unarmed Combat | 4 5 |  5.2
Fighting       | 4 |  4.4
Dodging        | |  2.4
Stealth        | |  1.5

Action                   |  1- 3 |  4- 6 || total
-------------------------+-------+-------++-------
Melee: Unarmed           |   128 |   150 ||   278
       Punch             |     3 |     4 ||     7
  Use: Scroll            |       |     2 ||     2
 Stab: Sleeping          |     3 |     3 ||     6
Dodge: Dodged            |    73 |   129 ||   202
